 Dungeon Crawl Stone Soup version 0.32-a0-818-gb728d0252e (webtiles) character file.

Game seed: 4390632912576300204

55 Ajdolov the Trooper (level 3, -3/33 HPs)
             Began as an Armataur Monk on Mar 24, 2024.
             Slain by a cerulean imp
             ... wielding a +2 spear
             ... summoned by Natasha
              (7 damage)
             ... on level 2 of the Dungeon.
             The game lasted 00:01:26 (1195 turns).

Ajdolov the Trooper (Armataur Monk)                 Turns: 1195, Time: 00:01:26

Health: -3/33      AC:  5    Str: 18    XL:     3   Next: 67%
Magic:  3/3        EV:  8    Int: 10    God:
Gold:   92         SH:  0    Dex: 12    Spells: 2/2 levels left

rFire   . . .        a - +0 mace
rCold   . . .        d - orb {light}
rNeg    . . .        h - +0 ring mail
rPois   .            (no helmet)
rElec   .            (no cloak)
rCorr   .            (no gloves)
SInv    .            (no barding)
Will    .....        (no amulet)
Stlth   +            (no ring)
HPRegen 0.25/turn    (no ring)
MPRegen 0.08/turn

%: roll
@: glowing
A: large, deformed body, tough skin 3, armoured tail, rollpage 1
a: no special abilities


You were on level 2 of the Dungeon.
You visited 1 branch of the dungeon, and saw 2 of its levels.

You collected 92 gold pieces.

Inventory:

Hand Weapons
 a - a +0 mace (weapon)
Missiles
 i - 5 javelins (quivered)
Armour
 d - an orb of light (worn)
 h - a +0 ring mail (worn)
Scrolls
 b - a scroll of butterflies {unknown}
 f - a scroll of revelation {unknown}
 g - 2 scrolls of identify {unknown}
 m - a scroll of enchant armour {unknown}
Potions
 c - 2 potions of ambrosia
 e - 3 potions of enlightenment {unknown}
 j - a potion of curing {unknown}
 k - a potion of heal wounds {unknown}
 l - a potion of might {unknown}


   Skills:
 + Level 4.3 Fighting
 - Level 2.6 Maces & Flails
 - Level 2.1 Dodging


You had 2 spell levels left.
You didn't know any spells.
Your spell library was empty.

Dungeon Overview and Level Annotations

Branches:
Dungeon (2/15)

Altars:

Annotations:
D:2 Natasha


Innate Abilities, Weirdness & Mutations

Armour fits poorly on your strangely shaped body.
You have extremely tough skin. (AC +3)
You have a long armoured tail.
You regenerate magic when rolling toward enemies. (Rampage MPRegen)


Message History

The endoplasm freezes you.
You are frozen.
You hit the endoplasm.
The endoplasm is severely wounded.
The endoplasm hits you but does no damage.
You hit the endoplasm. You tail-slap the endoplasm.
You kill the endoplasm!
Natasha, Servant of Life and Death comes into view.
Natasha hisses angrily.
Natasha claws you but does no damage. Natasha claws you.
You hit Natasha.
Natasha is lightly wounded.
Natasha claws you.
You hit Natasha.
Natasha is lightly wounded.
Natasha howls an incantation.
You feel troubled. Natasha claws you!
You barely miss Natasha.
You tail-slap Natasha, but do no damage.
Natasha is lightly wounded.
Natasha mumbles some strange words.
Natasha claws you but does no damage.
You hit Natasha.
You tail-slap Natasha, but do no damage.
Natasha is heavily wounded.
Natasha claws you.
The cerulean imp hits you from afar with a +2 spear.
You barely miss Natasha.
Natasha is heavily wounded.
Natasha claws you but does no damage.
The cerulean imp hits you from afar with a +2 spear.
* * * LOW HITPOINT WARNING * * *
You hit Natasha but do no damage. You tail-slap Natasha.
Natasha is severely wounded.
Natasha claws you.
* * * LOW HITPOINT WARNING * * *
The cerulean imp hits you from afar with a +2 spear!
You die...

#.# ###.####### ###..
........... .....
###.#....## #.#.#
.......#.# #.#.#
...#...#.# #.#.#
.........######.#.######
....######......h......#
....# #......@......#
....# ##...†5........#
##.## #..............#
##.# #..............#
##.# ####..............#
##.# #........)........#
>..# ##.##...†.........#
.### # ##.............#
.# .#####'#######


You could see Natasha and a cerulean imp (summoned).

Vanquished Creatures
  2 ribbon worms (D:2)
  9 endoplasms
  A giant cockroach (D:1)
  7 goblins
  3 kobolds (D:1)
  4 quokkas (D:1)
  3 ball pythons (D:1)
  6 bats
  3 frilled lizards
  7 rats
45 creatures vanquished.

Notes
Turn   | Place    | Note
-------+----------+-------------------------------------------
     0 | D:1      | Ajdolov the Armataur Monk began the quest for the Orb.
     0 | D:1      | Reached XP level 1. HP: 18/18 MP: 1/1
    44 | D:1      | Reached skill level 3 in Fighting
   115 | D:1      | Reached XP level 2. HP: 24/26 MP: 2/2
   681 | D:1      | Reached XP level 3. HP: 33/33 MP: 3/3
   899 | D:2      | Reached skill level 4 in Fighting
  1186 | D:2      | Noticed Natasha
  1195 | D:2      | Slain by a cerulean imp

Illustrated notes

Levels and vault maps discovered:
D:1:      matt_arrival_refuge, layout_loops_ring, serial_glass, glass_columns_c,
          glass_columns_a, minmay_tromino_i4
D:2:      layout_basic, nrook_campfire, uniq_crazy_yiuf_cottage, uniq_natasha

Skill      XL: |  1  2  3 |
---------------+----------+-----
Fighting       | 3 4 |  4.3
Maces & Flails | |  2.6
Dodging        | |  2.1

Action                     || total
---------------------------++-------
  Melee: Mace              ||    85
         Tailslap          ||    13
 Armour: Robe              ||     8
         Ring mail         ||    47
  Dodge: Dodged            ||    24

Table legend: (Time is in decaauts)
 A = Elapsed time spent in this place.
 B = Non-inter-level travel time spent in this place.
 C = Inter-level travel time spent in this place.
 D = Time resting spent in this place.
 E = Time spent auto-exploring this place.
 F = Levels seen in this place.
 G = Mean time per level.
                   A        B        C        D        E       F      G
               +--------+--------+--------+--------+--------+-----+--------+
         Total |   1217 |   1126 |     91 |      0 |    892 |   2 |  608.5 |
       Dungeon |   1217 |   1126 |     91 |      0 |    892 |   2 |  608.5 |
               +--------+--------+--------+--------+--------+-----+--------+

Top non-repeatable levels by time:
     D:1: 910 daAuts
     D:2: 307 daAuts
